AoeStats
← Cinnamoroll

MegaRandom

506582717Analyzed
4v4 RM · 17d ago on Sep 14, 2026· 47m 2s· 8 players
Game mode
Random Map
Map size
Large (8 player)
Population
200
Speed
Normal
Resources
Standard
Victory
Conquest
Starting age
Dark Age
Ending age
Imperial Age
RankedLock teamsTeams togetherTeam positionsShared explorationLock speedFull tech treeHidden civsTurbo modeCheats
Victory
Defeat
🇺🇸 Burgundians · United States
1495
+16
🇨🇦 Spanish · Canada
1483
+17
🇺🇸 Cumans · United States
1473
+17
🇲🇽 Maya · Mexico
1453
+18
🇳🇿 Khmer · New Zealand
1557
-19
🇦🇷 Maya · Argentina
1492
-17
🇦🇺 Italians · Australia
1487
-17
🇦🇺 Franks · Australia
1450
-15
Cinnamoroll
4:40 Loom
11:19 Feudal Age
16:06 Castle Age
14:41 Double-Bit Axe
23:33 Fletching
31:22 Town Watch
32:25 Bow Saw
32:03 Horse Collar
34:08 Medium Warships
34:36 Ballistics
35:40 Bodkin Arrow
38:38 Wheelbarrow
38:45 Caravan
42:56 Imperial Age
41:27 Hand Cart
42:43 Scale Barding Armor
42:48 Forging
42:52 Light Cavalry
43:42 Bloodlines
43:33 Husbandry
43:59 Chain Barding Armor
44:52 Iron Casting
45:21 Plate Barding Armor
45:13 Conscription
44:56 Inquisition
45:08 Heavy Plow
47:29 Sanctity
47:25 Block Printing
47:45 Theocracy
47:36 Illumination
47:22 Fervor
47:23 Redemption
Morningstar
7:12 Loom
10:53 Feudal Age
12:13 Double-Bit Axe
13:07 Fishing Lines
13:25 Town Watch
18:58 Castle Age
18:30 Stone Mining
19:24 Gold Mining
26:38 Fletching
28:04 Horse Collar
29:18 Heavy Plow
29:49 Padded Archer Armor
30:26 Bloodlines
31:03 Bodkin Arrow
32:08 Masonry
32:32 Ballistics
33:40 Bow Saw
34:05 Leather Archer Armor
34:03 Thumb Ring
36:07 Wheelbarrow
38:25 Murder Holes
40:55 Hand Cart
45:20 Scale Mail Armor
45:30 Forging
44:42 Pikeman
45:22 Squires
45:31 Caravan
45:42 Light Cavalry
46:42 Scale Barding Armor
YOGRANNYCANTSCRAP
3:06 Loom
6:05 Double-Bit Axe
10:10 Fishing Lines
11:53 Fishing Lines
14:14 Wheelbarrow
17:08 Feudal Age
18:36 Bow Saw
21:27 Castle Age
20:34 Scale Barding Armor
20:40 Forging
21:29 Cavalier
23:52 Chain Barding Armor
24:06 Husbandry
26:59 Two-Man Saw
26:19 Hand Cart
31:53 Horse Collar
32:10 Town Watch
34:59 Medium Warships
35:02 Heavy Plow
38:57 Imperial Age
39:09 Iron Casting
38:43 Caravan
39:30 Guilds
40:18 Heavy Warships
40:22 Stone Mining
41:31 Ballistics
42:05 Light Cavalry
43:51 Hussar
45:56 Crop Rotation
47:03 Blast Furnace
46:56 Plate Barding Armor
46:41 Paladin
_BeTo_
3:19 Loom
12:06 Feudal Age
13:08 Town Watch
14:09 Fletching
21:26 Castle Age
20:40 Double-Bit Axe
22:20 Bow Saw
28:06 Ballistics
28:06 Horse Collar
30:19 Bodkin Arrow
31:22 Wheelbarrow
33:19 Hand Cart
33:45 Caravan
38:03 Imperial Age
36:22 Padded Archer Armor
36:18 Treadmill Crane
37:17 Heavy Plow
38:49 Thumb Ring
39:00 Bracer
40:17 Chemistry
41:27 Elite Plumed Archer
42:49 Masonry
43:21 Hoardings
43:06 Conscription
44:21 Architecture
44:46 Leather Archer Armor
45:25 Coinage
46:12 Two-Man Saw
45:44 Crop Rotation
45:43 Murder Holes
ImprovingYeti
3:05 Loom
13:55 Feudal Age
16:42 Castle Age
17:35 Forging
17:15 Double-Bit Axe
18:58 Medium Warships
18:29 Fishing Lines
20:28 Caravan
24:34 Husbandry
26:45 Scale Barding Armor
28:23 Chain Barding Armor
29:05 Bloodlines
31:02 Wheelbarrow
32:02 Gillnets
33:48 Iron Casting
38:46 Imperial Age
_29_3ffect_Arg
3:15 Loom
11:43 Feudal Age
17:01 Castle Age
15:13 Fletching
35:47 Wheelbarrow
37:02 Fishing Lines
Jeremy V
9:45 Loom
12:11 Feudal Age
17:20 Castle Age
18:25 Medium Warships
19:25 Padded Archer Armor
19:33 Horse Collar
28:04 Fletching
29:39 Bodkin Arrow
35:47 Ballistics
36:07 Double-Bit Axe
36:53 Silk Road
41:36 Imperial Age
39:47 Leather Archer Armor
42:47 Bracer
43:59 Chemistry
Bug ee
3:02 Loom
11:54 Feudal Age
16:23 Castle Age
14:13 Double-Bit Axe
14:50 Scale Barding Armor
16:01 Forging
16:30 Light Cavalry
17:41 Chain Barding Armor
22:43 Husbandry
46:53 Imperial Age
45:01 Wheelbarrow
Connection lost

Rejoining the realm…

Still unreachable

The connection could not be restored.

Session expired

The server has moved on; the page needs a fresh start.